 Dungeon Crawl Stone Soup version 0.29-a0-334-gb41bcbb86e (webtiles) character file.

Game seed: 2402739365103779212

11 zishaf the Ducker (level 2, 0/21 HPs)
             Began as a Felid Berserker on Apr 13, 2022.
             Was a Follower of Trog.
             Slain by a gnoll
             ... wielding a +0 whip
              (5 damage)
             ... on level 1 of the Dungeon.
             The game lasted 00:01:07 (386 turns).

zishaf the Ducker (Felid Berserker)                  Turns: 386, Time: 00:01:08

Health: 0/21       AC:  1    Str: 13    XL:     2   Next: 13%
Magic:  3/3        EV: 18    Int:  8    God:    Trog [*.....]
Gold:   31         SH:  0    Dex: 15    Spells: 1/1 levels left
                                        Lives:  0   Deaths: 0

rFire   . . .      SeeInvis +     - Unarmed
rCold   . . .      Faith    .   (shield unavailable)
rNeg    . . .      Spirit   .   (body armour unavailable)
rPois   .          Reflect  .   (helmet unavailable)
rElec   .          Harm     .   (cloak unavailable)
rCorr   .          Rampage  .   (gloves unavailable)
Will    .....                   (boots unavailable)
Stlth   ..........              (no amulet)
HPRegen 0.07/turn               (no ring)
MPRegen 0.08/turn               (no ring)

@: berserking, very quick
A: very small, claws 1, fangs 3, see invisible, speed 1, shaggy fur 1, stealthy
paws, no weapons or thrown items, no armour, multi-lived
a: Renounce Religion, Berserk


You were on level 1 of the Dungeon.
You worshipped Trog.
Trog was aware of your devotion.
You visited 1 branch of the dungeon, and saw 1 of its levels.

You collected 31 gold pieces.

Inventory:

Scrolls
 a - a scroll of blinking {unknown}
 c - a scroll of vulnerability {unknown}
Potions
 b - a potion of heal wounds {unknown}
 d - a potion of cancellation {unknown}


   Skills:
 + Level 3.2 Fighting
 + Level 4.3 Dodging
 + Level 3.2 Unarmed Combat


You had one spell level left.
You didn't know any spells.
Your spell library was empty.

Dungeon Overview and Level Annotations

Branches:
Dungeon (1/15)

Altars:


Innate Abilities, Weirdness & Mutations

You have sharp claws.
You have razor-sharp teeth.
You have supernaturally acute eyesight. (SInv)
You cover ground quickly. (Speed+)
You are covered in fur. (AC +1)
Your paws help you pounce on unaware monsters.
You are incapable of wielding weapons or throwing items.
You cannot wear armour.
You gain extra lives every three experience levels.


Message History

A ball python comes into view.
There is a stone staircase leading down here.
The ball python hisses angrily.
The ball python barely misses you. The ball python grabs you.
The ball python constricts you.
You scratch the ball python.
You kill the ball python!
Trog accepts your kill.
You have reached level 2!
Found a faded altar of an unknown god.
c - a scroll labelled HUBREI GEOCZU A dart slug comes into view.
A dart slug is nearby!
You see here a sedimented orange potion.
The dart slug misses you.
You scratch the dart slug. You claw the dart slug. You bite the dart slug.
The dart slug is almost dead.
You claw the dart slug!
You kill the dart slug!
Trog accepts your kill.
No target in view!
d - a sedimented orange potion
There is an empty arch of ancient stone here.
The gnoll shouts!
You scratch the gnoll but do no damage. The gnoll hits you with a +0 whip.
You scratch the gnoll.
The gnoll is lightly wounded.
The gnoll closely misses you.
You scratch the gnoll. You claw the gnoll.
The gnoll is moderately wounded.
The gnoll completely misses you.
A red film seems to cover your vision as you go berserk!
You feel yourself moving faster!
You feel mighty! The gnoll hits you with a +0 whip!
* * * LOW HITPOINT WARNING * * *
You are too injured to fight recklessly!
You claw the gnoll!
The gnoll is almost dead.
The gnoll hits you with a +0 whip.
You die...

♣...♣...♣♣..♣ ##
#♣.♣♣♣.∩.♣ ♣. .#
##.♣♣ ♣...♣ ..
.####..#.#♣.♣.♣♣♣.#
.........♣..♣♣..♣.#
#.#######♣.♣♣♣♣.♣.#
.># ♣. ♣.♣.# ..#
♣.♣ ♣♣..# ### ♣..
♣@.# # . #.g.## # #
.♣#.### #### #.♣...
...# #.#.# ##.#
#...# ##.# ###.#
##'####### #.#
.........# #.#


You could see a gnoll.

Vanquished Creatures
  A dart slug (D:1)
  A ball python (D:1)
  2 bats (D:1)
  A hobgoblin (D:1)
  A quokka (D:1)
  A kobold (D:1)
  A rat (D:1)
8 creatures vanquished.

Notes
Turn   | Place    | Note
-------+----------+-------------------------------------------
     0 | D:1      | zishaf the Felid Berserker began the quest for the Orb.
     0 | D:1      | Reached XP level 1. HP: 10/10 MP: 2/2
   322 | D:1      | Reached XP level 2. HP: 12/14 MP: 3/3
   358 | D:1      | Found a faded altar of an unknown god.
   386 | D:1      | Slain by a gnoll

Illustrated notes

Levels and vault maps discovered:
D:1:      dpeg_arrival_windows_large_door, layout_basic,
          shapermc_ecumenical_altar_totnotflames, serial_shops,
          nicolae_shop_stone, chequers_mini_garden, minmay_box_of_dots

Action                   || total
-------------------------++-------
Melee: Unarmed           ||    28
       Bite              ||     2
       Punch             ||     2
Invok: Berserk           ||     2
Armor: Skin              ||     5
Dodge: Dodged            ||    34

Table legend: (Time is in decaauts)
 A = Elapsed time spent in this place.
 B = Non-inter-level travel time spent in this place.
 C = Inter-level travel time spent in this place.
 D = Time resting spent in this place.
 E = Time spent auto-exploring this place.
 F = Levels seen in this place.
 G = Mean time per level.
                   A        B        C        D        E       F      G
               +--------+--------+--------+--------+--------+-----+--------+
         Total |    360 |    360 |      0 |     58 |    205 |   1 |  360.0 |
       Dungeon |    360 |    360 |      0 |     58 |    205 |   1 |  360.0 |
               +--------+--------+--------+--------+--------+-----+--------+

Top non-repeatable levels by time:
     D:1: 360 daAuts
